 Dungeon Crawl Stone Soup version 0.27-a0-1188-g73eefd5def (webtiles) character file.

Game seed: 15542788635954528721

37 siradein the Vexing (level 3, -1/24 HPs)
             Began as a Vampire Enchanter on May 22, 2021.
             Succumbed to an adder's poison
             ... on level 1 of the Dungeon.
             The game lasted 00:03:20 (1113 turns).

siradein the Vexing (Vampire Enchanter)             Turns: 1113, Time: 00:03:21

Health: -1/24      AC:  3    Str:  7    XL:     3   Next: 21%
Magic:  6/6        EV: 12    Int: 17    God:
Gold:   51         SH:  0    Dex: 15    Spells: 5/6 levels left

rFire    . . .     SeeInvis +   a - +1 dagger
rCold    . . .     Faith    .   (no shield)
rNeg     . . .     Spirit   .   b - +0 robe
rPois    .         Reflect  .   (no helmet)
rElec    .         Harm     .   (no cloak)
rCorr    .         Rampage  .   (no gloves)
Will     .....                  k - +0 pair of boots
Stlth    +++.......             (no amulet)
HPRegen  0.28/turn              (no ring)
MPRegen  0.10/turn              (no ring)

@: lethally poisoned (-1 -> -6), healing quickly
A: alive, fangs 3, see invisible, vampiric 2
a: Exsanguinate


You were on level 1 of the Dungeon.
You visited 1 branch of the dungeon, and saw 2 of its levels.

You collected 51 gold pieces.

Inventory:

Hand Weapons
 a - a +1 dagger (weapon)
Armour
 b - a +0 robe (worn)
 k - a +0 pair of boots (worn)
Jewellery
 h - a ring of ice
 i - an amulet of regeneration
Scrolls
 f - a scroll of fog {unknown}
 g - 2 scrolls of identify {unknown}
 l - a scroll of fear {unknown}
 m - a scroll of summoning {unknown}
Potions
 c - a potion of curing {unknown}
 d - a potion of ambrosia {unknown}
 e - a potion of degeneration {unknown}
 j - 2 potions of heal wounds {unknown}
 n - a potion of resistance {unknown}


   Skills:
 + Level 3.5 Short Blades
 - Level 2.1 Dodging
 - Level 4.4 Stealth
 - Level 2.0 Spellcasting
 - Level 4.4 Hexes


You had 5 spell levels left.
You knew the following spells:

 Your Spells              Type           Power      Damage    Failure   Level
a - Corona                Hex            17%        N/A       3%          1

Your spell library contained the following spells:

 Spells                   Type           Power      Damage    Failure   Level
 Confusing Touch          Hex            16%        N/A       10%         3
 Tukima's Dance           Hex            16%        N/A       10%         3
 Ensorcelled Hibernation  Hex/Ice        18%        N/A       12%         2
 Dazzling Flash           Conj/Hex       18%        N/A       24%         3


Dungeon Overview and Level Annotations

Branches:
Dungeon (2/15)

Altars:
Elyvilon

Shops:
D:1 *


Innate Abilities, Weirdness & Mutations

Your natural rate of healing is accelerated.
You have razor-sharp teeth.
You have supernaturally acute eyesight. (SInv)
You are afflicted with vampirism and can become a bat while bloodless.


Message History

The adder is outlined in light.
The adder bites you. x2
You are poisoned.
The adder poisons you!
You hit the adder but do no damage.
You feel sick.
The goblin shouts!
You hear a shout!
The adder barely misses you.
You barely miss the adder. You bite the adder.
The adder is moderately wounded.
You feel sick. The adder barely misses you.
A kobold comes into view. It is wielding a +0 short sword.
You feel sick. The adder bites you.
There is a stone staircase leading up here.
You feel sick. The adder misses you. The rat bites you.
The goblin hits you with a +0 club. The adder bites you.
You climb upwards.
You feel sick.
You are no longer poisoned.
There is a stone staircase leading down here.
You hit the goblin.
You kill the goblin!
The rat closely misses you. The adder barely misses you.
You hit the rat.
You kill the rat!
The adder bites you.
* * * LOW HITPOINT WARNING * * *
Things that are here:
a +0 club; a goblin corpse
There is an entrance to Yruadauq's General Store here.
The adder bites you.
* * * LOW HITPOINT WARNING * * *
The adder stops glowing.
You hit the adder.
The adder is moderately wounded.
The adder bites you.
* * * LOW HITPOINT WARNING * * *
You are lethally poisoned!
The adder poisons you! The adder closely misses you.
You hit the adder but do no damage.
The adder is moderately wounded.
You die...

##############.#.#..#
.....[.......#.#.#..#
.##########.##†#.#..#
.............>.#.#..#
.#.####.#.#.##)#.#..#
.#.# #.#.#....∩....#
.#.# #.#........#.##
##.####.###.####S#.#
......#.....# #@#.#
....#.#####.# #.#.#
#####.# #.# #.#.#
....#.# #.# #.#.#
###.#.#####.# #.#.# #
#.#....##.# #.#.#
###.####.##.####.#.#
............#.#..#.#
###.##.............#


You could see an adder.

Vanquished Creatures
  A dart slug (D:1)
  3 ball pythons (D:1)
  2 bats (D:2)
  3 endoplasms (D:1)
  5 giant cockroaches
  A goblin (D:1)
  5 jackals (D:1)
  3 quokkas
  2 frilled lizards (D:1)
  4 rats (D:1)
29 creatures vanquished.

Notes
Turn   | Place    | Note
-------+----------+-------------------------------------------
     0 | D:1      | siradein the Vampire Enchanter began the quest for the Orb.
     0 | D:1      | Reached XP level 1. HP: 13/13 MP: 3/3
   185 | D:1      | Reached XP level 2. HP: 18/19 MP: 5/5
   191 | D:1      | Found a faded altar of an unknown god.
   703 | D:1      | Found Yruadauq's General Store.
  1005 | D:1      | Gained mutation: You are afflicted with vampirism and can
                  | become a bat while bloodless. [Vampire growth]
  1005 | D:1      | Reached XP level 3. HP: 21/24 MP: 6/6
  1112 | D:1      | HP: 1/24 [adder (3)]
  1113 | D:1      | Succumbed to an adder's poison

Illustrated notes

Levels and vault maps discovered:
D:1:      arrival_zaba_pyramid, layout_basic, basic_ecumenical_altar,
          serial_shops, shop, st_stairs_1
D:2:      layout_rooms, basic_altar, minmay_pentomino_v2

Skill      XL: |  1  2 |
---------------+-------+-----
Short Blades   | 2 3 |  3.5
Dodging        | |  2.1
Stealth        | |  4.4
Spellcasting   | |  2.0
Hexes          | |  4.4

Action                   || total
-------------------------++-------
Melee: Dagger            ||    94
       Bite              ||     6
 Cast: Corona            ||     2
 Stab: Sleeping          ||    10
Armor: Robe              ||    10
Dodge: Dodged            ||    60

Table legend: (Time is in decaauts)
 A = Elapsed time spent in this place.
 B = Non-inter-level travel time spent in this place.
 C = Inter-level travel time spent in this place.
 D = Time resting spent in this place.
 E = Time spent auto-exploring this place.
 F = Levels seen in this place.
 G = Mean time per level.
                   A        B        C        D        E       F      G
               +--------+--------+--------+--------+--------+-----+--------+
         Total |   1102 |   1056 |     46 |      3 |    788 |   2 |  551.0 |
       Dungeon |   1102 |   1056 |     46 |      3 |    788 |   2 |  551.0 |
               +--------+--------+--------+--------+--------+-----+--------+

Top non-repeatable levels by time:
     D:1: 1010 daAuts
     D:2: 92 daAuts
